 Dungeon Crawl Stone Soup version 0.24.0-13-gcf9b319 (webtiles) character file.

Game seed: 6764893713330314080, levelgen mode: deterministic

21 Calico the Sneak (level 2, 0/19 HPs)
             Began as a Vampire Enchanter on Feb 4, 2020.
             Slain by a goblin (4 damage)
             ... on level 1 of the Dungeon.
             The game lasted 00:06:19 (379 turns).

Calico the Sneak (Vampire Enchanter)                 Turns: 379, Time: 00:06:19

Health: 0/19       AC:  2    Str:  7    XL:     2   Next: 65%
Magic:  5/5        EV: 13    Int: 17    God:
Gold:   36         SH:  0    Dex: 14    Spells: 2/5 levels left

rFire    . . .     SeeInvis +   a - +1 dagger
rCold    . . .     Gourm    .   (no shield)
rNeg     . . .     Faith    .   b - +0 robe
rPois    .         Spirit   .   (no helmet)
rElec    .         Reflect  .   (no cloak)
rCorr    .         Harm     .   (no gloves)
MR       .....                  (no boots)
Stlth    +++.......             (no amulet)
HPRegen  0.26/turn              (no ring)
MPRegen  0.09/turn              (no ring)

@: regenerating quickly
A: no food, fangs 3, see invisible, unbreathing
a: Exsanguinate


You were on level 1 of the Dungeon.
You were alive.

You visited 1 branch of the dungeon, and saw 1 of its levels.

You collected 36 gold pieces.

Inventory:

Hand Weapons
 a - a +1 dagger (weapon)
Armour
 b - a +0 robe (worn)
Scrolls
 c - a scroll of magic mapping {unknown}
 d - a scroll of remove curse {unknown}
 e - a scroll of identify {unknown}
Potions
 f - a potion of berserk rage {unknown}


   Skills:
 + Level 1.5 Short Blades
 + Level 2.4 Dodging
 * Level 5.1 Stealth
 + Level 2.1 Spellcasting
 + Level 4.7 Hexes


You had 2 spell levels left.
You knew the following spells:

 Your Spells              Type           Power        Failure   Level  Hunger
x - Ensorcelled Hibernat  Hex/Ice        #.....       11%         2    N/A
z - Corona                Hex            ###....      2%          1    N/A

Your spell library contained the following spells:

 Spells                   Type           Power        Failure   Level  Hunger
 Confuse                  Hex            ###.....     9%          3    N/A
 Tukima's Dance           Hex            ###.....     9%          3    N/A
 Dazzling Spray           Conj/Hex       #.....       22%         3    N/A

Dungeon Overview and Level Annotations

Branches:
Dungeon (1/15)

Altars:


Innate Abilities, Weirdness & Mutations

You do not eat.
Your natural rate of healing is unusually fast.
You have razor-sharp teeth.
You have supernaturally acute eyesight. (SInv)
You can survive without breathing.


Message History

You barely miss the goblin. The goblin closely misses you.
You closely miss the goblin. The hobgoblin closely misses you.
The goblin hits you.
You completely miss the goblin. You closely miss the goblin.
The goblin hits you.
The hobgoblin hits you with a cursed +0 club.
You closely miss the goblin. The goblin barely misses you.
The hobgoblin hits you but does no damage.
You hit the goblin but do no damage. The goblin barely misses you.
The hobgoblin hits you with a cursed +0 club.
* * * LOW HITPOINT WARNING * * *
You completely miss the goblin. The goblin completely misses you.
The hobgoblin barely misses you.
You hit the goblin.
The goblin is moderately wounded.
The goblin completely misses you.
You barely miss the goblin.
The goblin is moderately wounded.
The hobgoblin completely misses you. The goblin hits you.
You die...

#.########.###.###.##..
#..........# #.).......
#..#######.# #.##.###..
#..# #.....##.# #..
#..# #.#.####.# #..
#..##### #.#. #.# #[.
#..#...###.# #.# #..
#....#.g...# ...
####..@# #.# ##g## ..#
#.# #.# #.# #.# #.# #.#


You could see a hobgoblin and a goblin.

Vanquished Creatures
  2 ball pythons (D:1)
  3 giant cockroaches (D:1)
  2 goblins (D:1)
  A hobgoblin (D:1)
  3 jackals (D:1)
  4 bats (D:1)
  2 frilled lizards (D:1)
  A kobold (D:1)
  A rat (D:1)
19 creatures vanquished.

Notes
Turn   | Place    | Note
-------+----------+-------------------------------------------
     0 | D:1      | Calico the Vampire Enchanter began the quest for the Orb.
     0 | D:1      | Reached XP level 1. HP: 13/13 MP: 3/3
   117 | D:1      | Reached XP level 2. HP: 19/19 MP: 3/5
   138 | D:1      | Learned a level 2 spell: Ensorcelled Hibernation
   248 | D:1      | Reached skill level 5 in Stealth
   379 | D:1      | Slain by a goblin

Levels and vault maps discovered:
D:1:      eino_arrival_tree_alley, layout_loops_ring

Skill      XL: |  1  2 |
---------------+-------+-----
Stealth        | 5 |  5.1
Short Blades   | |  1.5
Dodging        | |  2.4
Spellcasting   | |  2.1
Hexes          | |  4.7

Action                   || total
-------------------------++-------
Melee: Dagger            ||    73
       Bite              ||     3
 Cast: Corona            ||     3
 Stab: Sleeping          ||     7
Armor: Robe              ||    10
Dodge: Dodged            ||    54
